 Dungeon Crawl Stone Soup version 0.24-a0-397-g73b976d855 (webtiles) character file.

Game seed: 15235241471985744591

2988 Avack the Covert (level 10, -5/53 HPs)
             Began as a Kobold Wanderer on June 4, 2019.
             Was a Believer of Ru.
             Slain by a two-headed ogre
             ... wielding a +0 giant club
              (32 damage)
             ... on level 8 of the Dungeon.
             The game lasted 00:23:35 (7275 turns).

Avack the Covert (Kobold Wanderer)                  Turns: 7275, Time: 00:23:36

Health: -5/53      AC:  6    Str:  6    XL:     10   Next: 9%
Magic:  19/19      EV: 21    Int: 19    God:    Ru [**....]
Gold:   456        SH:  0    Dex: 16    Spells: 9/9 levels left

rFire    + + +     SeeInvis .   a - +3 dagger
rCold    . . .     Gourm    .   (shield restricted)
rNeg     . . .     Faith    .   t - +2 robe {MR+}
rPois    +         Spirit   .   (no helmet)
rElec    .         Reflect  .   J - scarf {repulsion}
rCorr    .         Harm     .   i - +0 pair of gloves
MR       +....                  D - +0 pair of boots
Stlth    +++++.....             x - amulet "Amnay" {rF+++ Regen+ MP+9 Dex-2}
HPRegen  0.57/turn              c - ring of poison resistance
MPRegen  0.16/turn              m - +4 ring of intelligence

@: repel missiles
A: small, carnivore, weak 1, hated by all
a: Renounce Religion


You were on level 8 of the Dungeon.
You worshipped Ru.
Ru was pleased with you.
You were very full.

You visited 1 branch of the dungeon, and saw 8 of its levels.

You collected 456 gold pieces.

Inventory:

Hand Weapons
 a - a +3 dagger (weapon)
 b - a +0 hunting sling of flaming
 d - a +0 short sword
Missiles
 j - 220 stones
 o - 2 boomerangs
 p - 5 poisoned darts (quivered)
 M - 21 sling bullets
Armour
 i - a +0 pair of gloves (worn)
 t - a +2 robe of magic resistance (worn)
 D - a +0 pair of boots (worn)
 J - a scarf of repulsion (worn)
Jewellery
 c - a ring of poison resistance (left hand)
 h - an uncursed ring of see invisible
 m - a +4 ring of intelligence (right hand)
 x - the amulet "Amnay" (around neck) {rF+++ Regen+ MP+9 Dex-2}
   (You found it on level 6 of the Dungeon)

   [amulet of regeneration]

   It affects your dexterity (-2).
   It renders you almost immune to fire.
   It affects your magic capacity (+9).
   It increases your rate of regeneration.
 z - an uncursed ring of resist corrosion
 E - an uncursed ring of magical power
 H - an uncursed ring of positive energy
Wands
 r - a wand of iceblast (11)
 u - a wand of digging (5)
 I - a wand of paralysis (7)
 N - a wand of flame (25)
Scrolls
 v - a scroll of fear
 w - 2 scrolls of blinking
 y - a scroll of magic mapping
 B - a scroll of amnesia
 O - a scroll of teleportation
Potions
 e - 2 potions of heal wounds
 g - 3 potions of flight
 k - a potion of cancellation {unknown}
 l - 2 potions of invisibility {unknown}
 n - 2 potions of degeneration {unknown}
 q - 6 potions of brilliance {unknown}
 s - 2 potions of berserk rage {unknown}
 A - 2 potions of curing {unknown}
 G - a potion of resistance {unknown}
 K - a potion of agility {unknown}
 L - a potion of haste
Comestibles
 f - 20 rations


   Skills:
 - Level 2.1 Fighting
 + Level 9.2 Short Blades
 - Level 2.4 Armour
 + Level 8.1 Dodging
 * Level 13.0 Stealth


You had 9 spell levels left.
You didn't know any spells.
Your spell library was empty.

Dungeon Overview and Level Annotations

Branches:
Dungeon (8/15)             Temple (0/1) D:4
   Lair: D:8-11

Altars:
Dithmenos
Elyvilon
Kikubaaqudgha
Makhleb
Okawaru
Ru
Uskayaw
Vehumet
Wu Jian
Xom
Zin
The Shining One


Innate Abilities, Weirdness & Mutations

You are small and have problems with some larger weapons.
You are carnivorous and can eat meat at any time.
You are weak. (Str -2)
You are hated by all.


Message History

The two-headed ogre is almost dead.
The two-headed ogre hits you with a +0 giant club!
The two-headed ogre closely misses you.
Unknown command.
Evoke which item? (* to show all) (? for menu, Esc to quit)
Aiming: Iceblast
Press: ? - help, Shift-Dir - straight line The mass of ice explodes!
The iceblast engulfs the two-headed ogre.
The two-headed ogre is almost dead.
The two-headed ogre closely misses you.
The two-headed ogre completely misses you.
Unknown command.
You barely miss the two-headed ogre.
The two-headed ogre is almost dead.
You hit the two-headed ogre.
The two-headed ogre is almost dead.
The two-headed ogre hits you with a +0 giant club!!
Ouch! That really hurt!
You die...

#.................###.#
####...........###.....#.##
#.............## ##........
#..............## ##.......
###.............###..#.##.#
####..........##..#......
##.###.#....#.##.....#
#.#........#.##......
#.#.@........##......
#...O................
###...............###
#.............### #
###........##...#####
#####...†.....#####..##..
#..................#.#..#
########.###.......#.#.##
#........##.......#...#


You could see a two-headed ogre.

Vanquished Creatures
  Joseph (D:8)
  A hippogriff (D:7)
  Edmund (D:3)
  A water moccasin (D:7)
  2 orc warriors (D:6)
  An ice beast (D:6)
  A phantom (D:8)
  3 ogres
  2 centaurs
  A crocodile (D:7)
  2 bullfrogs (D:7)
  2 scorpions
  A howler monkey (D:8)
  3 crimson imps
  An orc priest (D:5)
  A hound (D:6)
  2 jellies
  3 orc wizards
  A centaur skeleton (D:7)
  An iguana (D:3)
  Natasha (thrice) (D:3)
  4 worker ants
  2 hound zombies (D:5)
  A hound skeleton (D:8)
  A worker ant zombie (D:8)
  A gnoll (D:1)
  10 adders
  A shadow imp (D:5)
  4 oozes
  An adder skeleton (D:5)
  An adder zombie (D:5)
  5 dart slugs
  6 worms
  3 leopard geckos
  25 orcs
  A ball python (D:3)
  7 bats
  2 giant cockroaches
  11 goblins
  7 hobgoblins
  4 jackals
  6 kobolds
  A quokka (D:8)
  4 frilled lizards
  2 leopard gecko skeletons
  A quokka skeleton (D:4)
  A quokka zombie (D:5)
  5 rats
151 creatures vanquished.

Vanquished Creatures (others)
  Psyche (D:8)
  2 orc wizards
3 creatures vanquished.

Grand Total: 154 creatures vanquished

Notes
Turn   | Place    | Note
-------+----------+-------------------------------------------
     0 | D:1      | Avack the Kobold Wanderer began the quest for the Orb.
     0 | D:1      | Avack set off with the following items: a +2 dagger, a
                  | potion of haste, a +0 ring mail, a +0 short sword, a ration
     0 | D:1      | Reached XP level 1. HP: 12/12 MP: 1/1
   106 | D:1      | Reached skill level 3 in Stealth
   155 | D:1      | Reached XP level 2. HP: 15/17 MP: 2/2
   393 | D:1      | Reached XP level 3. HP: 21/21 MP: 3/3
  1073 | D:2      | Reached skill level 4 in Stealth
  1073 | D:2      | Reached XP level 4. HP: 23/26 MP: 4/4
  1409 | D:2      | Reached XP level 5. HP: 30/30 MP: 5/5
  1512 | D:2      | Reached skill level 5 in Stealth
  1728 | D:2      | Found a sacrificial altar of Ru.
  2073 | D:3      | Reached XP level 6. HP: 35/35 MP: 6/6
  2131 | D:3      | Noticed Natasha
  2140 | D:3      | Killed Natasha
  2140 | D:3      | Reached skill level 6 in Stealth
  2193 | D:3      | Found an ornate altar of the Wu Jian Council.
  2262 | D:2      | Became a worshipper of Ru the Awakened
  2401 | D:3      | Noticed Natasha
  2431 | D:3      | Killed Natasha
  2531 | D:3      | Noticed Natasha
  2543 | D:3      | Killed Natasha
  2543 | D:3      | Reached skill level 5 in Short Blades
  2872 | D:4      | Noticed Edmund
  3046 | D:3      | Killed Edmund
  3046 | D:3      | Reached skill level 7 in Stealth
  3046 | D:3      | Reached XP level 7. HP: 15/40 MP: 7/7
  3272 | D:4      | Found a staircase to the Ecumenical Temple.
  3937 | D:4      | Reached skill level 8 in Stealth
  4003 | D:4      | Found an ancient bone altar of Kikubaaqudgha.
  4042 | D:4      | Gained mutation: You are hated by all. [Ru sacrifice]
  4042 | D:4      | Reached * piety under Ru
  4179 | D:5      | Entered Level 5 of the Dungeon
  4312 | D:5      | Reached skill level 5 in Dodging
  4312 | D:5      | Reached XP level 8. HP: 44/44 MP: 8/8
  4351 | D:5      | Found a hide-covered altar of Uskayaw.
  4402 | D:5      | Found a hide-covered altar of Uskayaw.
  4415 | D:5      | Found a radiant altar of Vehumet.
  4415 | D:5      | Found a shadowy altar of Dithmenos.
  4430 | D:5      | Found a white marble altar of Elyvilon.
  4540 | D:5      | Reached skill level 9 in Stealth
  4673 | D:5      | Found a burning altar of Makhleb.
  4673 | D:5      | Found a shimmering altar of Xom.
  4900 | D:6      | Got a fine garnet amulet
  5024 | D:6      | Identified the amulet "Amnay" {rF+++ Regen+ MP+9 Dex-2}
                  | (You found it on level 6 of the Dungeon)
  5614 | D:6      | Reached skill level 10 in Stealth
  5858 | D:6      | Reached XP level 9. HP: 20/48 MP: 9/9
  6146 | D:7      | Reached skill level 11 in Stealth
  6207 | D:7      | Noticed a hippogriff
  6221 | D:7      | Killed a hippogriff
  6274 | D:7      | Gained mutation: You are weak. (Str -2) [Ru sacrifice]
  6274 | D:7      | Reached ** piety under Ru
  6664 | D:7      | Found an iron altar of Okawaru.
  6753 | D:8      | Noticed Joseph
  6761 | D:8      | Killed Joseph
  6761 | D:8      | Reached skill level 12 in Stealth
  6870 | D:8      | Noticed Psyche
  6886 | D:8      | Killed Psyche
  6886 | D:8      | Reached XP level 10. HP: 53/53 MP: 10/10
  6983 | D:8      | Noticed a two-headed ogre
  7084 | D:8      | Reached skill level 13 in Stealth
  7153 | D:8      | Found a glowing silver altar of Zin.
  7154 | D:8      | Noticed a two-headed ogre
  7216 | D:8      | Found a white marble altar of Elyvilon.
  7216 | D:8      | Found a glowing golden altar of the Shining One.
  7275 | D:8      | Slain by a two-headed ogre

Levels and vault maps discovered:
D:1:      kennysheep_arrival_seaside, layout_basic, serial_forest,
          infiniplex_forest_end_1, infiniplex_forest_side_room,
          infiniplex_forest_straight_2, infiniplex_forest_clump_medium,
          infiniplex_forest_corner_2, infiniplex_forest_diagonal
D:2:      layout_loops_ring, nicolae_overflow_hidden_temple, first_ration,
          minmay_joined_circles
D:3:      layout_basic, old_standard_altar, grunt_decor_resistance, uniq_natasha
D:4:      layout_loops_corners, marbit_many_paths, temple_fountains,
          minmay_misc_feat_iff, serial_bayou_lagoon_b, uniq_edmund
D:5:      layout_cave_pools, grunt_temple_overflow_champion_of_chaos,
          overflow_temple_1_default, gammafunk_temple_overflow_elements,
          basic_altar, elyvilon_altar_3
D:6:      layout_loops_ring, hangedman_decor_growths, chequers_decorated_corner
D:7:      layout_cave_pools, hangedman_abyss_or_decor_stabs,
          okawaru_ov_weapons_minmay
D:8:      layout_rooms, good_gods_mini_temple, uniq_psyche, uniq_joseph,
          uniq_grum

Skill      XL: |  1  2  3  4  5  6  7  8  9 10 |
---------------+-------------------------------+-----
Short Blades   | 3 4 5 6 7 9 |  9.2
Stealth        | 3 4 5 7 8 10 12 13 | 13.0
Dodging        | 2 3 4 5 6 7 8 |  8.1
Fighting       | |  2.1
Armour         | |  2.4

Action                   |  1- 3 |  4- 6 |  7- 9 | 10-12 || total
-------------------------+-------+-------+-------+-------++-------
Melee: Dagger            |   124 |   328 |   542 |    66 ||  1060
 Fire: Hunting sling     |       |       |    22 |     2 ||    24
Throw: Dart              |       |    36 |    64 |    10 ||   110
       Boomerang         |       |       |    48 |       ||    48
Invok: Sacrifice Love    |       |       |     1 |       ||     1
       Sacrifice Purity  |       |       |     1 |       ||     1
Evoke: Wand              |       |       |     1 |     3 ||     4
  Use: Scroll            |     4 |     5 |     3 |     2 ||    14
       Potion            |       |       |     1 |       ||     1
 Stab: Sleeping          |     1 |     5 |    10 |     1 ||    17
       Distracted        |       |       |     2 |     1 ||     3
  Eat: Chunk             |     9 |     6 |    13 |     1 ||    29
Armor: Ring mail         |    29 |    45 |    20 |       ||    94
       Robe              |       |       |    21 |       ||    21
       Leather armour    |       |       |    34 |     4 ||    38
Dodge: Dodged            |    72 |   142 |   329 |    24 ||   567
       Deflected         |       |       |     1 |       ||     1

Table legend:
 A = Non-vault XP
 B = Vault XP
 C = Vault XP percentage of total XP
 D = Non-vault monster count
 E = Vault monster count
 F = Vault count percentage of total count
                 A         B        C        D         E       F
            +---------+---------+-------+---------+---------+-------
      Total |    3131 |    1138 |  26.7 |     136 |      18 |  11.7
            +---------+---------+-------+---------+---------+-------
        D:1 |      67 |       3 |   4.3 |      25 |       1 |   3.8
        D:2 |      81 |      56 |  40.9 |      16 |      11 |  40.7
        D:3 |     158 |     192 |  54.9 |      16 |       2 |  11.1
        D:4 |     368 |       1 |   0.3 |      19 |       1 |   5.0
        D:5 |     339 |      50 |  12.9 |      17 |       1 |   5.6
        D:6 |     677 |       0 |   0.0 |      19 |       0 |   0.0
        D:7 |    1018 |       0 |   0.0 |      15 |       0 |   0.0
        D:8 |     423 |     836 |  66.4 |       9 |       2 |  18.2
            +---------+---------+-------+---------+---------+-------
